[Event "Titled Tuesday Blitz June 6 Early 2023"]
[White "Nikologorsky, Matfei"]
[Black "Perez, Maximiliano"]
[WhiteFideId "24102474"]
[BlackFideId "117234"]
[WhiteElo "2153"]
[BlackElo "2334"]
[Result "1-0"]
[Round "1"]
[TimeControl "180+2"]
[Date "2023.06.06"]
[WhiteClock "0:00:19"]
[BlackClock "0:00:06"]
[Board "131"]

1. e4 c5 2. Nf3 Nc6 3. d4 cxd4 4. Nxd4 e5 5. Nb3 Nf6 6. Bd3 d5 7. exd5 Nxd5 8. O-O Be7 9. Bd2 O-O 10. Nc3 Be6 11. Nxd5 Bxd5 12. Qe2 f5 13. Bc4 Kh8 14. Rad1 Bxc4 15. Qxc4 Rc8 16. Qa4 a6 17. Be3 Qe8 18. Bb6 f4 19. f3 Qg6 20. c3 Bd8 21. Bf2 Qc2 22. Rd2 Qf5 23. Rfd1 Be7 24. Nc5 Bxc5 25. Bxc5 Rfe8 26. Qe4 Qxe4 27. fxe4 Red8 28. Kf2 Rxd2+ 29. Rxd2 Rd8 30. Rd5 Kg8 31. Kf3 Kf7 32. Kg4 Ke6 33. c4 b5 34. cxb5 axb5 35. Rxd8 Nxd8 36. b3 g6 37. a4 bxa4 38. bxa4 h5+ 39. Kg5 Kf7 40. Bd6 Ne6+ 41. Kh6 Kf6 42. a5 Nd4 43. a6 Nc6 44. Bb8 g5 45. Kxh5 Nxb8 46. a7 Nd7 47. a8=Q Nc5 48. Qc6+ Ne6 49. h4 gxh4 50. Kxh4 Kf7 51. Kg4 Kf6 52. Qd6 Kf7 53. Kf5 Nd4+ 54. Kxe5 f3 55. gxf3 Nxf3+ 56. Kf4 Nh4 57. Qh6 Ng6+ 58. Kg5 Ne7 59. e5 Ke8 60. e6 Nd5 61. Qg7 Nb6 62. Qf7+ Kd8 63. e7+ 1-0


[Site "https://www.chess.com"]

[Event "Titled Tuesday Blitz June 6 Early 2023"]
[White "Aloma Vidal, Robert"]
[Black "Rosenberg, Evan S"]
[WhiteFideId "2260409"]
[BlackFideId "2019299"]
[WhiteElo "2435"]
[BlackElo "2329"]
[Result "0-1"]
[Round "1"]
[TimeControl "180+2"]
[Date "2023.06.06"]
[WhiteClock "0:01:19"]
[BlackClock "0:00:46"]
[Board "132"]

1. e4 c5 2. c3 d5 3. exd5 Qxd5 4. d4 g6 5. Nf3 Bg7 6. Nbd2 cxd4 7. Bc4 Qd6 8. Nxd4 a6 9. O-O Nf6 10. a4 O-O 11. N2f3 Nc6 12. Nxc6 Qxc6 13. Qb3 Nd7 14. Re1 Nc5 15. Qa2 Be6 16. Nd4 Bxd4 17. cxd4 Bxc4 18. Qxc4 Ne6 19. Qxc6 bxc6 20. Bd2 Rfd8 21. Rac1 Rxd4 22. Be3 Rxa4 23. Rxc6 Rb4 24. Re2 a5 25. h3 a4 26. Bh6 Nd4 27. Rec2 Nxc6 28. Rxc6 Rxb2 0-1


[Site "https://www.chess.com"]

[Event "Titled Tuesday Blitz June 6 Early 2023"]
[White "Ziatdinov, Raset"]
[Black "Lee, Qing Aun"]
[WhiteFideId "2015323"]
[BlackFideId "5804167"]
[WhiteElo "2220"]
[BlackElo "2179"]
[Result "0-1"]
[Round "1"]
[TimeControl "180+2"]
[Date "2023.06.06"]
[WhiteClock "0:00:01"]
[BlackClock "0:00:04"]
[Board "133"]

1. e4 c5 2. Nf3 g6 3. d4 cxd4 4. Nxd4 Bg7 5. Nc3 Nc6 6. Be3 Nf6 7. f3 O-O 8. Bc4 a6 9. Qd2 Qc7 10. Bb3 b5 11. O-O Bb7 12. Rad1 Rad8 13. Nd5 Nxd5 14. exd5 Ne5 15. Qf2 Nc4 16. Bxc4 bxc4 17. Ne2 Rc8 18. c3 Qa5 19. Nf4 d6 20. a3 Qb5 21. Bd4 Be5 22. Qd2 Rfd8 23. Rfe1 Bxd4+ 24. Qxd4 Rc7 25. Rd2 a5 26. Rde2 Rdd7 27. h4 Qc5 28. Rd2 Qxd4+ 29. Rxd4 Rc5 30. Kf2 Kf8 31. g4 Rdc7 32. Ke3 Rb5 33. Re2 Rcc5 34. Red2 Ke8 35. Ke2 Ba6 36. Kd1 Rb3 37. Kc1 Rc7 38. Ng2 Rb5 39. Nf4 Rbc5 40. Nh3 h6 41. Nf2 Bb7 42. Ne4 Rb5 43. g5 h5 44. Ng3 Rcc5 45. a4 Rb6 46. f4 Bc8 47. Ne4 Rc7 48. Rd1 Bd7 49. Nd2 Bxa4 50. Nxc4 Bxd1 51. Nxb6 Bb3 52. Na4 Rb7 53. Kb1 Rb5 54. c4 Rb4 0-1


[Site "https://www.chess.com"]

[Event "Titled Tuesday Blitz June 6 Early 2023"]
[White "Agibileg, Uurtsaikh"]
[Black "Rian, Kapriaga"]
[WhiteFideId "4901606"]
[BlackFideId "7103263"]
[WhiteElo "2353"]
[BlackElo "2323"]
[Result "1-0"]
[Round "1"]
[TimeControl "180+2"]
[Date "2023.06.06"]
[WhiteClock "0:00:31"]
[BlackClock "0:00:05"]
[Board "134"]

1. d4 e6 2. c4 f5 3. g3 Nf6 4. Bg2 d5 5. Nf3 Bd6 6. O-O O-O 7. b3 c6 8. Bb2 Qe7 9. Qc2 b6 10. Nbd2 a5 11. Ne1 Bb7 12. Nd3 Na6 13. a3 Ne4 14. Nf3 dxc4 15. bxc4 c5 16. e3 Rac8 17. Qb3 Bc7 18. Rfc1 Kh8 19. Nfe5 Ba8 20. Qd1 Ng5 21. Qh5 Kg8 22. h4 Nf7 23. Bxa8 Rxa8 24. Qf3 Nxe5 25. Nxe5 cxd4 26. Nc6 Qd7 27. exd4 Rac8 28. d5 e5 29. Bxe5 Bxe5 30. Nxe5 Qd6 31. Nd3 Nc5 32. Nf4 Ne4 33. Ne6 Rf6 34. Rc2 Rxe6 35. dxe6 Qxe6 36. Re1 Qf6 37. Qd3 h6 38. Qd5+ Kh7 39. Qd3 Qg6 40. Qf3 Rc5 41. Kh2 Qe6 42. Qe2 Qg6 43. Qd3 Qe6 44. f3 Re5 45. fxe4 fxe4 46. Rxe4 Rxe4 47. Re2 1-0


[Site "https://www.chess.com"]

[Event "Titled Tuesday Blitz June 6 Early 2023"]
[White "Baraeva, Irina"]
[Black "Manukyan, Sargis V."]
[WhiteFideId "24142565"]
[BlackFideId "13303465"]
[WhiteElo "2085"]
[BlackElo "2236"]
[Result "0-1"]
[Round "1"]
[TimeControl "180+2"]
[Date "2023.06.06"]
[WhiteClock "0:01:29"]
[BlackClock "0:00:54"]
[Board "135"]

1. d4 Nf6 2. c4 c5 3. d5 e6 4. Nc3 exd5 5. cxd5 Bd6 6. Nf3 O-O 7. Bg5 h6 8. Bh4 Re8 9. e3 Bc7 10. Be2 d6 11. h3 Bf5 12. O-O Nbd7 13. Nd2 a6 14. a4 Rb8 15. e4 Bh7 16. Bd3 Ne5 17. Bc2 b5 18. axb5 axb5 19. f4 Ng6 20. Bg3 c4 21. Qf3 Bb6+ 22. Kh2 Bd4 23. Rfe1 Qb6 24. Rab1 h5 25. Ne2 h4 26. Nxd4 hxg3+ 27. Kxg3 Qxd4 28. Re2 Nxd5 29. f5 Ne5 30. Qh5 Nf6 31. Qh4 d5 32. exd5 Qxh4+ 33. Kxh4 Nf3+ 34. gxf3 Rxe2 0-1


[Site "https://www.chess.com"]

[Event "Titled Tuesday Blitz June 6 Early 2023"]
[White "Principe, Gerson"]
[Black "Lacasa Diaz, Jose Antonio"]
[WhiteFideId "3804550"]
[BlackFideId "2203375"]
[WhiteElo "2229"]
[BlackElo "2338"]
[Result "1-0"]
[Round "1"]
[TimeControl "180+2"]
[Date "2023.06.06"]
[WhiteClock "0:00:11"]
[BlackClock "0:00:15"]
[Board "136"]

1. Nf3 c5 2. e3 d5 3. b3 Nf6 4. Bb2 g6 5. Bxf6 exf6 6. c3 Be6 7. Be2 Nd7 8. O-O Bd6 9. c4 dxc4 10. Bxc4 Bxc4 11. bxc4 Qc7 12. Nc3 a6 13. Nd5 Qc6 14. Qb3 b5 15. Rac1 O-O 16. Rfd1 Rab8 17. Qc3 Kg7 18. d4 Rfc8 19. Qd3 bxc4 20. Qxc4 Nb6 21. Nxb6 Qxb6 22. d5 Qb5 23. Qc2 Qb2 24. g3 Qxc2 25. Rxc2 Rb4 26. Rdc1 Rcb8 27. Nd2 Rb2 28. Nc4 Rxc2 29. Rxc2 Bc7 30. Kf1 Rb1+ 31. Ke2 Kf8 32. h4 Ke7 33. e4 Bd6 34. Rb2 Rxb2+ 35. Nxb2 Kd7 36. Nc4 h5 37. f4 Bc7 38. Kd3 Bb8 39. Kc3 Bc7 40. Kb3 Kc8 41. Kc3 Kd7 42. e5 fxe5 43. fxe5 Bd8 44. Kd3 Bc7 45. Ke4 Bd8 46. Nd6 f6 47. Nf7 fxe5 48. Nxe5+ Kc7 49. Nxg6 Bf6 50. Nf4 c4 51. Nxh5 Bh8 52. Nf4 c3 53. Kd3 Kd6 54. Ne2 Kxd5 55. Nxc3+ Ke5 56. Ne2 Kf5 57. Ke3 Kg4 58. Ke4 Bg7 59. Nf4 Bh8 60. h5 Kxg3 61. h6 Kf2 62. Kf5 Ke1 63. Kg6 Kd2 64. Kh7 Bb2 65. Kg6 Kc2 66. Nh5 Bh8 67. Ng7 Kb2 68. Kh7 Kxa2 69. Kxh8 Kb1 70. Kg8 a5 71. h7 a4 72. h8=Q a3 73. Qh1+ Kb2 74. Qg2+ Kb1 75. Qf1+ Kb2 76. Qe2+ Kb1 77. Qd1+ Kb2 78. Qd4+ Kb1 79. Qb4+ Ka2 80. Kf7 Ka1 81. Qxa3+ 1-0


[Site "https://www.chess.com"]

[Event "Titled Tuesday Blitz June 6 Early 2023"]
[White "Li, Hui"]
[Black "Budisavljevic, Luka"]
[WhiteFideId "15400310"]
[BlackFideId "960047"]
[WhiteElo "1966"]
[BlackElo "2419"]
[Result "1-0"]
[Round "1"]
[TimeControl "180+2"]
[Date "2023.06.06"]
[WhiteClock "0:00:16"]
[BlackClock "0:01:57"]
[Board "137"]

1. e4 c6 2. d4 d5 3. Nd2 g6 4. Ngf3 Bg7 5. h3 dxe4 6. Nxe4 Nf6 7. Nxf6+ exf6 8. Bd3 O-O 9. O-O a5 10. a4 Na6 11. c3 Be6 12. Re1 Nc7 13. Bd2 h6 14. Qc2 f5 15. Ne5 Nd5 16. Nxg6 fxg6 17. Rxe6 Kh7 18. Rae1 Rf7 19. g3 Nc7 20. R6e2 Qf6 21. h4 Kh8 22. Bc4 Rd7 23. Bf4 Rf8 24. Be5 Qd8 25. Bf4 g5 26. hxg5 hxg5 27. Be5 Nd5 28. Bxg7+ Rxg7 29. Bxd5 Qxd5 30. Re5 Qf3 31. Qe2 Qxe2 32. R1xe2 Kg8 33. Re7 Rb8 34. R2e5 Rxe7 35. Rxe7 b5 36. Ra7 bxa4 37. Rxa5 Rxb2 38. Rxa4 Rc2 39. Rc4 f4 40. gxf4 gxf4 41. Kg2 Kf7 42. Rxc6 Ke7 43. Kf3 Kd7 44. Rc5 Kd6 45. Kxf4 Rxf2+ 46. Ke3 Rh2 47. Rf5 Rh3+ 48. Kd2 Rh1 49. Kd3 Rd1+ 50. Kc4 Rh1 51. Rf6+ Ke7 52. Ra6 Rh5 53. d5 Rh2 54. Kc5 Rc2 55. c4 Rd2 56. Ra7+ Kf6 57. Kc6 Rd4 58. c5 Ra4 59. Rxa4 1-0


[Site "https://www.chess.com"]

[Event "Titled Tuesday Blitz June 6 Early 2023"]
[White "Darini, Pouria"]
[Black "Pavlidou, Ekaterini"]
[WhiteFideId "12502200"]
[BlackFideId "4213262"]
[WhiteElo "2482"]
[BlackElo "2126"]
[Result "1-0"]
[Round "1"]
[TimeControl "180+2"]
[Date "2023.06.06"]
[WhiteClock "0:00:25"]
[BlackClock "0:00:23"]
[Board "138"]

1. e4 c5 2. Nf3 Nc6 3. Bb5 e6 4. Bxc6 bxc6 5. b3 d5 6. d3 Nf6 7. Qe2 Ba6 8. c4 d4 9. e5 Nd7 10. Bg5 Be7 11. Bxe7 Qxe7 12. O-O h6 13. Nbd2 f5 14. exf6 gxf6 15. Rae1 e5 16. Nh4 Qh7 17. Qh5+ Qf7 18. Qf3 Bb7 19. Ne4 Qe6 20. Qh5+ Kd8 21. f4 Kc7 22. fxe5 fxe5 23. Nxc5 Nxc5 24. Rxe5 Qd6 25. Rxc5 Rhf8 26. Rcf5 Rxf5 27. Nxf5 Qe5 28. Qxh6 Kb6 29. Qf4 Qxf4 30. Rxf4 Rf8 31. g4 Bc8 32. Kg2 c5 33. h4 Ka5 34. a3 Be6 35. Kf3 Bxf5 36. Rxf5 Rb8 37. Rxc5+ Ka6 38. b4 Re8 39. g5 Re3+ 40. Kf4 Rxd3 41. g6 Rd1 42. g7 Rf1+ 43. Ke4 Rg1 44. Rg5 1-0


[Site "https://www.chess.com"]

[Event "Titled Tuesday Blitz June 6 Early 2023"]
[White "Buscar, Michael"]
[Black "Aldokhin, Ivan"]
[WhiteFideId "2603616"]
[BlackFideId "24115720"]
[WhiteElo "2010"]
[BlackElo "2322"]
[Result "0-1"]
[Round "1"]
[TimeControl "180+2"]
[Date "2023.06.06"]
[WhiteClock "0:02:12"]
[BlackClock "0:02:54"]
[Board "139"]

1. d4 Nf6 2. c4 g6 3. Nc3 Bg7 4. e4 d6 5. Nf3 O-O 6. Be2 Nc6 7. h3 Re8 8. Be3 e5 9. d5 Nd4 10. Nxd4 exd4 11. Bxd4 Nxe4 12. Bxg7 Kxg7 13. Qd4+ Qf6 14. Qxf6+ Kxf6 15. Nxe4+ Rxe4 16. Kd2 Bf5 17. Bd3 Rd4 0-1


[Site "https://www.chess.com"]

[Event "Titled Tuesday Blitz June 6 Early 2023"]
[White "Jain Kashish Manoj"]
[Black "Vaglio Munoz, Jaime"]
[WhiteFideId "35081098"]
[BlackFideId "6500145"]
[WhiteElo "2181"]
[BlackElo "2199"]
[Result "1-0"]
[Round "1"]
[TimeControl "180+2"]
[Date "2023.06.06"]
[WhiteClock "0:00:07"]
[BlackClock "0:00:08"]
[Board "140"]

1. c4 c6 2. Nf3 b5 3. cxb5 cxb5 4. e3 a6 5. a4 b4 6. Be2 Bb7 7. O-O Nf6 8. b3 e6 9. Bb2 Be7 10. d3 O-O 11. Nbd2 d5 12. Rc1 Nc6 13. Rc2 h6 14. Qa1 Ne8 15. Rfc1 Rc8 16. Ne5 Nxe5 17. Rxc8 Bxc8 18. Bxe5 Bf6 19. Nf3 Bd7 20. Qd4 Qa5 21. Bxf6 Nxf6 22. Ne5 Rd8 23. Rc5 Qb6 24. Rc8 Qa5 25. Rxd8+ Qxd8 26. Qxb4 Qc7 27. Qd4 a5 28. h3 Be8 29. g3 Qc2 30. Bf1 Qxb3 31. Qa7 Qxa4 32. d4 Qb4 33. Bd3 g6 34. Qa8 Kg7 35. g4 a4 36. h4 g5 37. hxg5 hxg5 38. Qa7 a3 39. Bg6 Qf8 40. Bd3 Qd6 41. Bg6 Qf8 42. Bd3 Ng8 43. Kg2 Ne7 44. f3 Ng6 45. Bxg6 a2 46. Bd3 Qb4 47. Qxa2 Qe1 48. Qe2 Qc3 49. Bc2 f6 50. Nd3 Bb5 51. Qd1 Qa3 52. Nc5 Qxe3 53. Bd3 Be8 54. Qe2 Qxd4 55. Nxe6+ Kg8 56. Nxd4 Bf7 57. Qe7 Kg7 58. Nf5+ Kg6 59. Nd6+ Kh6 60. Qxf7 d4 61. Nf5# 1-0


[Site "https://www.chess.com"]

[Event "Titled Tuesday Blitz June 6 Early 2023"]
[White "Yanayt, Eugene"]
[Black "Bodnaruk, Anastasia"]
[WhiteFideId "2020165"]
[BlackFideId "4181751"]
[WhiteElo "2083"]
[BlackElo "2304"]
[Result "0-1"]
[Round "1"]
[TimeControl "180+2"]
[Date "2023.06.06"]
[WhiteClock "0:00:05"]
[BlackClock "0:00:06"]
[Board "141"]

1. c4 e5 2. Nc3 d6 3. g3 Nc6 4. Bg2 g6 5. Nf3 Bg7 6. O-O Nf6 7. Rb1 O-O 8. b4 Nd4 9. Ne1 c6 10. b5 c5 11. e3 Nf5 12. h3 Ne7 13. Bb2 Be6 14. Qe2 Qd7 15. Kh2 d5 16. cxd5 Nexd5 17. Nf3 Nxc3 18. Bxc3 e4 19. Ne5 Qd5 20. d3 exd3 21. Nxd3 Qxa2 22. Rb2 Qc4 23. Rc1 Rfd8 24. Bd4 cxd4 25. Rxc4 Bxc4 26. e4 Rac8 27. Qd2 b6 28. Rb4 Nd7 29. Nf4 d3 30. Nd5 Bxd5 31. exd5 Nc5 32. Rb1 Re8 33. Re1 Rxe1 34. Qxe1 Nd7 35. Be4 Re8 36. d6 Nc5 37. d7 Nxd7 38. Qb4 Nc5 39. Bf3 Rd8 40. Qh4 Rd7 41. Qf4 d2 42. Qb8+ Bf8 43. Bd1 Ne4 44. Qe8 Rd4 45. Qe5 Bg7 46. Qe8+ Bf8 47. Qe5 Rb4 48. Qd5 h5 49. g4 hxg4 50. hxg4 Bd6+ 51. Kg2 Bf8 52. f3 Nc5 53. Qxd2 Bg7 54. Qd8+ Bf8 55. Be2 Na4 56. Kf2 Rb2 57. Ke3 Nc5 58. Bc4 Rc2 59. Bd5 Rc3+ 60. Kf4 Rd3 61. Kg5 Ne6+ 62. Bxe6 Rxd8 63. Bc4 Rc8 64. Bd5 Rc5 65. Kf6 Rxb5 66. g5 Rxd5 67. f4 Rd6+ 68. Ke5 Re6+ 69. Kd5 a5 0-1


[Site "https://www.chess.com"]

[Event "Titled Tuesday Blitz June 6 Early 2023"]
[White "Turayev, Shahruh"]
[Black "Putri, Regita Desyari"]
[WhiteFideId "14003856"]
[BlackFideId "7109083"]
[WhiteElo "2113"]
[BlackElo "1930"]
[Result "1-0"]
[Round "1"]
[TimeControl "180+2"]
[Date "2023.06.06"]
[WhiteClock "0:01:04"]
[BlackClock "0:00:35"]
[Board "142"]

1. e4 e5 2. Nc3 Nf6 3. Bc4 Nc6 4. d3 Na5 5. Bb3 Nxb3 6. axb3 h6 7. f4 d6 8. Nf3 Bg4 9. O-O Be7 10. Qe1 O-O 11. Qg3 exf4 12. Bxf4 Kh8 13. Nd5 Bxf3 14. Nxe7 Qxe7 15. Qxf3 Nd7 16. Ra5 Ne5 17. Qg3 Ng6 18. Be3 a6 19. Rh5 Kh7 20. Qh3 Rh8 21. Rhf5 Raf8 22. Bd4 f6 23. Rh5 Rf7 24. Be3 Qd7 25. Rxh6+ gxh6 26. Qxh6+ Kg8 27. Qxg6+ Rg7 28. Qxf6 Rh5 29. Bd4 Rf7 30. Qg6+ Kf8 31. Qxh5 1-0


[Site "https://www.chess.com"]

[Event "Titled Tuesday Blitz June 6 Early 2023"]
[White "Georg, Heinz"]
[Black "Sielecki, Christof"]
[WhiteFideId "4607295"]
[BlackFideId "4620437"]
[WhiteElo "2303"]
[BlackElo "2443"]
[Result "0-1"]
[Round "1"]
[TimeControl "180+2"]
[Date "2023.06.06"]
[WhiteClock "0:00:33"]
[BlackClock "0:01:02"]
[Board "143"]

1. e4 c5 2. Nf3 a6 3. c4 Nc6 4. Nc3 e5 5. d3 d6 6. Nd5 h6 7. Be2 Nf6 8. O-O Nxd5 9. cxd5 Ne7 10. b4 cxb4 11. d4 Ng6 12. dxe5 dxe5 13. Bb2 Bd6 14. Nd2 b5 15. Bh5 Nf4 16. Bg4 O-O 17. Bxc8 Rxc8 18. Nf3 Qe7 19. g3 Ng6 20. h4 Rfe8 21. Rc1 Rc4 22. Nd2 Rec8 23. Nxc4 bxc4 24. Qa4 Qb7 25. h5 Nf8 26. f4 Nd7 27. fxe5 Bxe5 28. Bxe5 Nxe5 29. Rf5 f6 30. Rxe5 fxe5 31. Rxc4 Qb6+ 32. Kg2 Rxc4 33. Qe8+ Kh7 34. Qxe5 Rc2+ 35. Kh3 Qf6 0-1


[Site "https://www.chess.com"]

[Event "Titled Tuesday Blitz June 6 Early 2023"]
[White "Gavrilov, Maxim"]
[Black "Chuemsakul, Sarocha"]
[WhiteFideId "24271454"]
[BlackFideId "6203710"]
[WhiteElo "1969"]
[BlackElo "1686"]
[Result "1/2-1/2"]
[Round "1"]
[TimeControl "180+2"]
[Date "2023.06.06"]
[WhiteClock "0:00:09"]
[BlackClock "0:00:07"]
[Board "144"]

1. d4 Nf6 2. c4 g6 3. Nf3 Bg7 4. g3 O-O 5. Bg2 d6 6. O-O c5 7. Nc3 Nc6 8. d5 Na5 9. Nd2 e5 10. b3 a6 11. Bb2 Bd7 12. a3 b5 13. cxb5 axb5 14. b4 Nb7 15. Rc1 Qb6 16. Nce4 Nxe4 17. Nxe4 Rfc8 18. Qd2 h6 19. bxc5 Nxc5 20. Nxc5 Rxc5 21. Rxc5 Qxc5 22. Rc1 Qb6 23. Qb4 Ra4 24. Qb3 Ra8 25. e3 h5 26. Bf1 h4 27. Rc4 hxg3 28. hxg3 Rc8 29. Rb4 Qc5 30. Bxb5 Bxb5 31. Rxb5 Qc2 32. Qxc2 Rxc2 33. a4 e4 34. Bxg7 Kxg7 35. Rb4 f5 36. Rb6 Ra2 37. Ra6 Kf7 38. a5 Ke7 39. Kg2 Rd2 40. Ra7+ Kf6 41. a6 Rxd5 42. Rh7 Ra5 43. a7 d5 44. Kf1 Ke5 45. Ke2 g5 46. Re7+ Kf6 47. Rd7 Ke6 48. Rg7 Kf6 49. Rb7 Ke5 50. Kd2 f4 51. gxf4+ gxf4 52. Rf7 f3 53. Kc3 Kd6 54. Kb4 Ra1 55. Kb5 Ke6 56. Rh7 d4 57. exd4 e3 58. d5+ Kxd5 59. fxe3 Ke6 60. Kb6 f2 61. Rh6+ Ke5 62. Rh5+ Ke4 63. Rh4+ Kxe3 64. Rh3+ Ke4 65. Rh4+ Kf5 66. Rh8 Rxa7 67. Rf8+ Ke4 68. Kxa7 Ke3 69. Re8+ Kd2 70. Rf8 Ke2 71. Kb6 f1=Q 72. Rxf1 Kxf1 1/2-1/2


[Site "https://www.chess.com"]

[Event "Titled Tuesday Blitz June 6 Early 2023"]
[White "Bashkansky, Ethan"]
[Black "Kvaloy, Aksel Bu"]
[WhiteFideId "2071533"]
[BlackFideId "1528815"]
[WhiteElo "2300"]
[BlackElo "2318"]
[Result "0-1"]
[Round "1"]
[TimeControl "180+2"]
[Date "2023.06.06"]
[WhiteClock "0:00:07"]
[BlackClock "0:00:11"]
[Board "145"]

1. d4 Nf6 2. c4 e6 3. Nc3 Bb4 4. Qc2 O-O 5. Nf3 c5 6. dxc5 Na6 7. Bd2 Nxc5 8. a3 Bxc3 9. Bxc3 b6 10. Ng5 g6 11. b4 Nb7 12. h4 h6 13. e3 Nd6 14. Bd3 Nf5 15. O-O-O Bb7 16. e4 Ng7 17. e5 Ng4 18. Bxg6 fxg6 19. Qxg6 hxg5 20. hxg5 Rf5 21. f4 Rxf4 22. Rh7 Rf7 23. Rdh1 Kf8 24. Rh8+ Ke7 25. Rxd8 Rxd8 26. b5 Rg8 27. Qd3 Nf5 28. Bb4+ Ke8 29. Qe2 Nge3 30. Rh3 Nxg2 31. g6 Rfg7 32. Rh7 Nf4 33. Qg4 Nxg6 34. Rxg7 Rxg7 35. Qg5 Nxe5 36. Qf6 Nf7 37. a4 Rg8 38. a5 bxa5 39. Bxa5 N7d6 40. Bb4 Nxc4 41. Qc3 Nb6 42. Qc7 Nd5 43. Qxb7 Nxb4 44. Qxa7 Nd5 45. Qb8+ Kf7 46. Qe5 Rc8+ 47. Kb1 Rc5 48. Qb2 Rc7 49. Ka2 Rb7 50. Ka3 Nfe7 51. Ka4 Ra7+ 52. Kb3 Ke8 53. Kc4 Rc7+ 54. Kb3 Nf5 55. Qh2 Rb7 56. Qh8+ Ke7 57. Ka4 Nc3+ 58. Kb4 Nxb5 59. Kc5 d6+ 60. Kc6 Rc7+ 61. Kxb5 Rc5+ 62. Kb6 e5 63. Qh7+ Ke6 64. Qg8+ Kf6 65. Qf8+ Kg5 66. Qg8+ Kf4 67. Qg2 Nd4 68. Qf2+ Ke4 69. Qe1+ Kd5 70. Qh1+ e4 71. Qh5+ Kc4 72. Qf7+ d5 73. Qe7 Rc6+ 74. Kb7 Kd3 75. Qa3+ Rc3 76. Qb2 e3 77. Kb6 Rb3+ 78. Qxb3+ Nxb3 79. Kb5 e2 0-1


[Site "https://www.chess.com"]

[Event "Titled Tuesday Blitz June 6 Early 2023"]
[White "Zochowski, Kacper"]
[Black "Vifleemskaia, Svetlana"]
[WhiteFideId "1125494"]
[BlackFideId "4129490"]
[WhiteElo "2235"]
[BlackElo "1930"]
[Result "0-1"]
[Round "1"]
[TimeControl "180+2"]
[Date "2023.06.06"]
[WhiteClock "0:00:11"]
[BlackClock "0:00:28"]
[Board "146"]

1. d4 Nf6 2. c4 e6 3. Nh3 Bb4+ 4. Bd2 Qe7 5. g3 O-O 6. Bg2 Nc6 7. e3 a5 8. O-O Bxd2 9. Nxd2 d6 10. Nf4 e5 11. Nd5 Nxd5 12. cxd5 Nb8 13. dxe5 dxe5 14. Nc4 Nd7 15. d6 cxd6 16. Qxd6 Qxd6 17. Nxd6 Nc5 18. Rac1 Nd3 19. Rc3 Nb4 20. a3 Nc6 21. Nxb7 Bxb7 22. Bxc6 Bxc6 23. Rxc6 Rfb8 24. Rb1 Rb5 25. Rbc1 g6 26. R1c2 Rab8 27. Ra6 Kg7 28. h4 h5 29. Kg2 e4 30. Rc4 Rxb2 31. Rxe4 R2b5 32. Ra7 Rf5 33. Ra6 Rb2 34. Rg4 hxg4 0-1


[Site "https://www.chess.com"]

[Event "Titled Tuesday Blitz June 6 Early 2023"]
[White "Sarkar, Justin"]
[Black "Dixit, Nikhil"]
[WhiteFideId "2010011"]
[BlackFideId "5059534"]
[WhiteElo "2151"]
[BlackElo "2207"]
[Result "0-1"]
[Round "1"]
[TimeControl "180+2"]
[Date "2023.06.06"]
[WhiteClock "0:00:05"]
[BlackClock "0:02:14"]
[Board "147"]

1. e4 c5 2. Nf3 Nc6 3. d4 cxd4 4. Nxd4 e6 5. Nc3 Nf6 6. Ndb5 d6 7. Bf4 e5 8. Bg5 a6 9. Na3 b5 10. Bxf6 gxf6 11. Nd5 Be6 12. c4 Nd4 13. cxb5 Bh6 14. Bc4 Qa5+ 15. Kf1 axb5 16. Nxb5 Bxd5 17. Nxd6+ Ke7 18. Bxd5 Kxd6 19. Bxa8 Rxa8 0-1


[Site "https://www.chess.com"]

[Event "Titled Tuesday Blitz June 6 Early 2023"]
[White "Martic, Ivan"]
[Black "crosky"]
[WhiteFideId "929301"]
[WhiteElo "2346"]
[BlackElo "2293"]
[Result "1-0"]
[Round "1"]
[TimeControl "180+2"]
[Date "2023.06.06"]
[WhiteClock "0:00:04"]
[BlackClock "0:00:08"]
[Board "148"]

1. e4 c6 2. d3 d5 3. Nd2 e5 4. Ngf3 Bd6 5. g3 Nf6 6. Bg2 O-O 7. O-O Re8 8. Re1 a5 9. c3 a4 10. Qc2 Nbd7 11. Rb1 h6 12. b4 axb3 13. axb3 Nf8 14. exd5 cxd5 15. c4 d4 16. c5 Bc7 17. Nc4 Ng6 18. b4 Nd5 19. Bd2 Bf5 20. Qb3 b5 21. cxb6 Nxb6 22. Na5 Qd7 23. Nb7 Rab8 24. Nc5 Qb5 25. h4 Nd7 26. Nxd7 Bxd7 27. h5 Nf8 28. Qc2 Bd6 29. Nh4 Nh7 30. Be4 Nf6 31. Bf5 Nxh5 32. Qd1 Nf6 33. Ra1 Bxb4 34. Bxb4 Qxb4 35. Bxd7 Nxd7 36. Nf5 Nf6 37. Qf3 Qb7 38. Qxb7 Rxb7 39. Nd6 Rbe7 40. Nxe8 Rxe8 41. Ra5 e4 42. dxe4 Rxe4 43. Rxe4 Nxe4 44. Ra8+ Kh7 45. Rd8 Ng5 46. Kg2 Ne6 47. Rd7 Kg6 48. f4 Kf6 49. Kf3 g6 50. g4 h5 51. g5+ Kg7 52. Rd6 Kf8 53. Ke4 Ke7 54. Rb6 Kf8 55. Rb7 Kg7 56. Ke5 h4 57. Rb3 Kf8 58. Rh3 Ke7 59. Rxh4 Ng7 60. Rh3 Nf5 61. Ra3 Kf8 62. Ra7 Kg7 63. Ra6 Kf8 64. Kf6 Ke8 65. Ra8+ Kd7 66. Kxf7 d3 67. Ra3 1-0


[Site "https://www.chess.com"]

[Event "Titled Tuesday Blitz June 6 Early 2023"]
[White "Spichkin, Alexander"]
[Black "TimGrutter03"]
[WhiteFideId "4144074"]
[WhiteElo "1986"]
[BlackElo "2597"]
[Result "1-0"]
[Round "1"]
[TimeControl "180+2"]
[Date "2023.06.06"]
[WhiteClock "0:00:37"]
[BlackClock "0:00:01"]
[Board "149"]

1. f4 g6 2. Nf3 Bg7 3. e4 d6 4. d3 a6 5. Be2 b5 6. O-O Bb7 7. Nc3 Nd7 8. Qe1 e6 9. Qg3 Ne7 10. Qh4 Nc6 11. Qg3 Nd4 12. Bd1 c5 13. f5 Ne5 14. Nxd4 cxd4 15. Ne2 exf5 16. exf5 Qb6 17. f6 Bf8 18. Bf4 O-O-O 19. Qf2 Ng4 20. Qxd4 Qc6 21. Rf3 Ne5 22. Rg3 Kb8 23. Nc3 h5 24. Bf3 Nxf3+ 25. Rxf3 g5 26. Bg3 h4 27. Bf2 g4 28. Qxg4 Bh6 29. Qd4 Rhg8 30. Ne4 Rg4 31. a4 Rdg8 32. g3 hxg3 33. Bxg3 Ka8 34. Kf2 1-0


[Site "https://www.chess.com"]

[Event "Titled Tuesday Blitz June 6 Early 2023"]
[White "Bayo Milagro, Alvaro"]
[Black "Rodriguez Santiago, Jaime"]
[WhiteFideId "22275240"]
[BlackFideId "3100898"]
[WhiteElo "2270"]
[BlackElo "2025"]
[Result "1-0"]
[Round "1"]
[TimeControl "180+2"]
[Date "2023.06.06"]
[WhiteClock "0:02:02"]
[BlackClock "0:01:15"]
[Board "150"]

1. Nf3 Nf6 2. c4 e6 3. g3 d5 4. d4 dxc4 5. Bg2 c5 6. O-O Nc6 7. dxc5 Qxd1 8. Rxd1 Bxc5 9. Nbd2 c3 10. bxc3 O-O 11. Nb3 Be7 12. c4 Bd7 13. Bb2 Rfc8 14. Rac1 Be8 15. Ne5 a5 16. Nd3 a4 17. Nbc5 a3 18. Bxf6 Bxf6 19. Nxb7 Nd4 20. Rd2 Ra4 21. Nd6 Rd8 22. Nxe8 Rxe8 23. e3 Nf5 24. Bc6 1-0


[Site "https://www.chess.com"]

[Event "Titled Tuesday Blitz June 6 Early 2023"]
[White "Jiganchine, Roman"]
[Black "Sourath Biswas"]
[WhiteFideId "2603667"]
[BlackFideId "35091484"]
[WhiteElo "2289"]
[BlackElo "2171"]
[Result "0-1"]
[Round "1"]
[TimeControl "180+2"]
[Date "2023.06.06"]
[WhiteClock "0:00:04"]
[BlackClock "0:00:14"]
[Board "151"]

1. e4 c6 2. d4 d5 3. exd5 cxd5 4. Nf3 Nc6 5. c4 Nf6 6. Nc3 Bg4 7. cxd5 Nxd5 8. Qb3 Bxf3 9. gxf3 e6 10. Qxb7 Nxd4 11. Bb5+ Nxb5 12. Qc6+ Ke7 13. Qxb5 Qd7 14. Nxd5+ exd5 15. Bg5+ f6 16. Qxd7+ Kxd7 17. Be3 Bb4+ 18. Ke2 Ke6 19. Rhd1 Rac8 20. a3 Ba5 21. Rac1 Bb6 22. Kd3 d4 23. Bf4 Kd5 24. h4 g6 25. Rh1 h6 26. Bg3 g5 27. f4 g4 28. f5 h5 29. Rhe1 Rce8 30. Bf4 Ba5 31. b4 Bb6 32. a4 a5 33. b5 Bc5 34. Bd2 Re5 35. Bxa5 Ra8 36. Bc7 Rxe1 37. Rxe1 Rxa4 38. b6 Ra3+ 39. Kc2 Rc3+ 40. Kb2 Kc4 41. Rc1 Ba3+ 42. Kb1 Bxc1 43. Ka2 Rc2+ 44. Kb1 Rc3 45. b7 Rb3+ 46. Kxc1 Rxb7 47. Bd6 d3 48. Kd2 Rd7 49. Bf4 Kd5 50. Kxd3 Ra7 51. Be3 Ra3+ 52. Ke2 Ke4 53. Kf1 Kxf5 54. Kg2 Ke4 55. Kg3 Rxe3+ 56. fxe3 Kxe3 0-1


[Site "https://www.chess.com"]